 Dungeon Crawl Stone Soup version 0.26.1-11-gd32895ea62 (webtiles) character file.

Game seed: 3936913333017569748

2350 mankey1987 the Nimble (level 9, -1/84 HPs)
             Began as an Ogre Berserker on June 14, 2021.
             Was an Elder of Trog.
             Slain by a water moccasin (5 damage)
             ... on level 7 of the Dungeon.
             The game lasted 00:15:06 (12303 turns).

mankey1987 the Nimble (Ogre Berserker)             Turns: 12303, Time: 00:15:06

Health: -1/84      AC:  4    Str: 27    XL:     9   Next: 43%
Magic:  9/9        EV: 15    Int:  8    God:    Trog [****..]
Gold:   361        SH:  0    Dex: 11    Spells: 8/8 levels left

rFire    + . .     SeeInvis .   s - +5 flail
rCold    + + .     Faith    .   (no shield)
rNeg     . . .     Spirit   .   b - +0 animal skin
rPois    +         Reflect  .   (helmet restricted)
rElec    +         Harm     .   A - +0 cloak
rCorr    +         Rampage  .   (gloves unavailable)
Will     .....                  (boots unavailable)
Stlth    +.........             (no amulet)
HPRegen  0.24/turn              i - ring of poison resistance
MPRegen  0.11/turn              q - +6 ring of strength

@: resistant, mesmerised
A: large, unfitting armour, cold resistance 1, screaming 1, tough skin 1, weak
1, subdued magic 1
a: Renounce Religion, Berserk, Trog's Hand, Brothers in Arms


You were on level 7 of the Dungeon.
You worshipped Trog.
Trog was greatly pleased with you.
You visited 1 branch of the dungeon, and saw 7 of its levels.
You also visited: Ossuary.

You collected 361 gold pieces.

Inventory:

Hand Weapons
 f - a +2 giant spiked club
 s - a +5 flail (weapon)
Armour
 b - a +0 animal skin (worn)
 A - a +0 cloak (worn)
Jewellery
 i - a ring of poison resistance (left hand)
 l - an uncursed ring of poison resistance
 o - an uncursed ring of flight
 q - a +6 ring of strength (right hand)
 r - an uncursed ring of ice
Wands
 c - a wand of iceblast (9)
Scrolls
 a - a scroll of fear {unknown}
 d - 4 scrolls of amnesia
 g - a scroll of silence {unknown}
 h - a scroll of identify
 j - a scroll of magic mapping
 k - 5 scrolls of remove curse {unknown}
 m - 5 scrolls of teleportation {unknown}
 p - 2 scrolls of blinking {unknown}
 t - a scroll of vulnerability {unknown}
 x - 3 scrolls of fog {unknown}
Potions
 e - 3 potions of attraction
 u - 2 potions of brilliance


   Skills:
 - Level 4.0 Fighting
 - Level 2.7 Maces & Flails
 + Level 11.4 Dodging


You had 8 spell levels left.
You didn't know any spells.
Your spell library was empty.

Dungeon Overview and Level Annotations

Branches:
Dungeon (7/15)             Temple (0/1) D:4         Ossuary (visited)

Altars:
Ashenzari
Cheibriados
Dithmenos
Elyvilon
Gozag
Ru
Trog
The Shining One

Shops:
D:6 :![

Portals:
Abyss: D:7

Annotations:
D:7 2 transporters, Eryximachus's ghost, novice OpEE; Maggie


Innate Abilities, Weirdness & Mutations

You are too large for most types of armour.
You have tough skin. (AC +1)
Your flesh is cold resistant. (rC+)
You occasionally shout uncontrollably at your foes.
You are weak. (Str -2)
Your spells are a little easier to cast, but a little less powerful.


Message History

You closely miss the water moccasin. The water moccasin closely misses you.
Maggie mumbles some strange words.
Maggie attempts to bespell you!
You are mesmerised by Maggie!
The water moccasin bites you.
You closely miss the water moccasin. The water moccasin bites you.
You closely miss the water moccasin. The water moccasin barely misses you.
The water moccasin closely misses you.
Maggie gestures wildly while chanting.
Maggie draws you further into her thrall.
You closely miss the water moccasin. The water moccasin bites you!
* * * LOW HITPOINT WARNING * * *
The water moccasin bites you!
* * * LOW HITPOINT WARNING * * *
You sock the water moccasin!
The water moccasin is moderately wounded.
The water moccasin bites you!
* * * LOW HITPOINT WARNING * * *
The water moccasin bites you.
You die...

#......... #......#
# #.....# .##
#.##..#...# ##..#.#
#@.##.# #.##
#.#h##..#### ##...#.
#.#S##^:.#.##....##.
#.#@.##5##..#...##..
#..#..###..##...#...
##.##..©...#.##.#...
#..#.....###.# #.
##...##### ... #)
#..##.##x.###5####
#..#5/?.# #©##gxx#
#..####..##..##x##
##.).(####....###.


You could see Maggie (mesmerising), a water moccasin and a hound.

Vanquished Creatures
  Grinder (D:6)
  Prince Ribbit (D:5)
  A sky beast (D:7)
  A phantom (D:5)
  A necrophage (D:6)
  2 ogres
  3 centaurs
  2 scorpions
  5 wights (D:7)
  A quasit (D:5)
  3 hounds
  A jelly (D:4)
  2 orc priests
  6 orc wizards
  A bullfrog skeleton (D:6)
  2 iguanas
  4 worker ants
  A hound skeleton (D:4)
  12 mummies (Ossuary)
  12 adders
  A shadow imp (D:4)
  2 white imps
  An ooze (D:1)
  A worm zombie (D:5)
  An adder skeleton (D:6)
  2 worms
  2 dart slugs (D:1)
  4 leopard geckos
  26 orcs
  A ball python (D:1)
  5 giant cockroaches
  5 goblins
  9 hobgoblins
  14 jackals
  4 quokkas
  14 bats
  4 frilled lizards
  A gnoll skeleton (Ossuary)
  A goblin skeleton (Ossuary)
  2 kobolds
  3 kobold skeletons (Ossuary)
  3 orc skeletons (Ossuary)
  A quokka skeleton (D:6)
  5 rats
  11 rat skeletons (Ossuary)
  A rat zombie (D:5)
186 creatures vanquished.

Vanquished Creatures (others)
  A ball python (D:7)
1 creature vanquished.

Grand Total: 187 creatures vanquished

Notes
Turn   | Place    | Note
-------+----------+-------------------------------------------
     0 | D:1      | mankey1987 the Ogre Berserker began the quest for the Orb.
     0 | D:1      | Reached XP level 1. HP: 24/24 MP: 1/1
    54 | D:1      | Reached skill level 3 in Dodging
   205 | D:1      | Reached XP level 2. HP: 8/32 MP: 2/2
   996 | D:1      | Reached XP level 3. HP: 35/39 MP: 3/3
  1141 | D:1      | Reached ** piety under Trog
  1644 | D:2      | Reached skill level 4 in Dodging
  1886 | D:2      | Reached XP level 4. HP: 48/48 MP: 4/4
  2354 | D:2      | Found a bloodstained altar of Trog.
  2418 | D:2      | HP: 1/48 [adder (3)]
  3229 | D:3      | Found a white marble altar of Elyvilon.
  3251 | D:3      | Reached skill level 5 in Dodging
  3251 | D:3      | Reached XP level 5. HP: 41/54 MP: 5/5
  3618 | D:3      | Found a shadowy altar of Dithmenos.
  4035 | D:3      | Found a shadowy altar of Dithmenos.
  4043 | D:3      | Found an opulent altar of Gozag.
  4046 | D:3      | Found a broken altar of Ashenzari.
  4059 | D:3      | Found a sacrificial altar of Ru.
  4061 | D:3      | Found a snail-covered altar of Cheibriados.
  4242 | D:4      | Found a staircase to the Ecumenical Temple.
  4360 | D:4      | Reached skill level 6 in Dodging
  4360 | D:4      | Reached XP level 6. HP: 37/62 MP: 6/6
  4966 | D:4      | Reached *** piety under Trog
  5307 | D:4      | HP: 3/93 [iguana (11)]
  5613 | D:4      | Reached skill level 7 in Dodging
  5613 | D:4      | Reached XP level 7. HP: 70/70 MP: 7/7
  5866 | D:5      | Entered Level 5 of the Dungeon
  6375 | D:5      | Found a sand-covered staircase.
  6506 | Ossuary  | Entered an ossuary
  6837 | Ossuary  | Reached **** piety under Trog
  7264 | Ossuary  | Reached skill level 8 in Dodging
  8468 | D:5      | Reached XP level 8. HP: 61/78 MP: 8/8
  8949 | D:5      | Reached skill level 9 in Dodging
  9568 | D:6      | Found a glowing golden altar of the Shining One.
  9571 | D:6      | Noticed Grinder
  9582 | D:6      | Killed Grinder
  9793 | D:6      | Noticed Prince Ribbit
 10072 | D:5      | Gained mutation: Your spells are a little easier to cast,
                  | but a little less powerful. [potion of mutation]
 10072 | D:5      | Gained mutation: You occasionally shout uncontrollably at
                  | your foes. [potion of mutation]
 10072 | D:5      | Gained mutation: You are weak. (Str -2) [potion of
                  | mutation]
 10072 | D:5      | Gained mutation: Your flesh is cold resistant. (rC+)
                  | [potion of mutation]
 10081 | D:5      | Killed Prince Ribbit
 10082 | D:5      | Reached skill level 10 in Dodging
 10421 | D:6      | Reached XP level 9. HP: 61/84 MP: 9/9
 10667 | D:6      | Found Vahit's Distillery.
 10710 | D:6      | Found Qayhuo's Book Shoppe.
 10821 | D:6      | You fall into a shaft and drop 1 floor!
 11015 | D:6      | Found Koferemo's Antique Weapon Boutique.
 11237 | D:6      | Found Mucweg's Armour Shop.
 11479 | D:7      | Noticed a cyan ugly thing
 11483 | D:7      | Noticed Eryximachus's ghost (novice OpEE)
 11491 | D:7      | Found a one-way gate to the infinite horrors of the Abyss.
 11500 | D:7      | Noticed an ancient zyme
 11907 | D:7      | Reached skill level 11 in Dodging
 12254 | D:7      | Found a transporter.
 12254 | D:7      | Found a transporter.
 12279 | D:7      | Noticed Maggie
 12303 | D:7      | HP: 4/84 [water moccasin (7)]
 12303 | D:7      | Slain by a water moccasin

Illustrated notes

Levels and vault maps discovered:
D:1:      shiori_arrival_elements, layout_basic, chequers_avenue
D:2:      layout_basic, bloody_trog
D:3:      layout_rooms, lemuel_crystal_altar, minmay_overflow_temple_star_hex,
          serial_glass, glass_columns_c, glass_columns_a, glass_columns_b,
          glass_columns_a, grunt_dithmenos_smoke
D:4:      layout_gridville, minmay_temple_entry_arrows
D:5:      layout_loops_ring, enter_ossuary_3
D:6:      layout_gridville, nicolae_overflow_crystal_walls, serial_shops,
          kennysheep_mini, shop, shop, shop_statue, uniq_grinder,
          uniq_prince_ribbit1
D:7:      layout_basic, grunt_qazlal_clouds, doesnt_xom_only_xom,
          gammafunk_ghost_abyssal_escape, uniq_duvessa, uniq_maggie

Skill      XL: |  1  2  3  4  5  6  7  8  9 |
---------------+----------------------------+-----
Dodging        | 3 4 5 6 7 8 10 11 | 11.4
Fighting       | |  4.0
Maces & Flails | |  2.7

Action                   |  1- 3 |  4- 6 |  7- 9 || total
-------------------------+-------+-------+-------++-------
Melee: Mace              |    87 |   254 |   179 ||   520
       Flail             |       |       |   269 ||   269
Invok: Berserk           |     3 |    12 |    22 ||    37
       Trog's Hand       |       |     2 |     1 ||     3
  Use: Potion            |       |     1 |    18 ||    19
       Scroll            |       |       |     9 ||     9
 Stab: Invisible         |       |       |     3 ||     3
Armor: Animal skin       |    36 |   100 |    75 ||   211
       Skin              |       |    17 |     9 ||    26
Dodge: Dodged            |    69 |   238 |   363 ||   670
